 Dungeon Crawl Stone Soup version 0.30-a0-782-ge64f9170bb (webtiles) character file.

Game seed: 12590529051383196590

210 Jane the Trooper (level 5, -8/45 HPs)
             Began as a Vampire Chaos Knight on Feb 20, 2023.
             Was a Plaything of Xom.
             Mangled by an ogre
             ... wielding a +6 great mace
              (21 damage)
             ... on level 3 of the Dungeon.
             The game lasted 00:23:40 (3874 turns).

Jane the Trooper (Vampire Chaos Knight)             Turns: 3874, Time: 00:23:40

Health: -8/45      AC: 15    Str: 11    XL:     5   Next: 56%
Magic:  5/5        EV: 11    Int: 16    God:    Xom [.....*]
Gold:   164        SH:  0    Dex: 12    Spells: 4/4 levels left

rFire   + . .      SeeInvis +    l - +4 flail (protect)
rCold   . . .      Faith    +    (no shield)
rNeg    . . .      Spirit   .    n - +1 ring mail "Tinidet" {rF+ Will+ Int+2}
rPois   .          Reflect  .    j - +1 helmet
rElec   .          Harm     .    o - scarf {shadows}
rCorr   .          Rampage  .    (no gloves)
Will    +....      Clarity  +    (no boots)
Stlth   +                        r - amulet of faith
HPRegen 0.47/turn                (no ring)
MPRegen 0.09/turn                (no ring)

@: under a protective aura, healing quickly
A: alive, fangs 3, see invisible, vampiric 2, clarity, clumsy 1, dopey 1,
mutation resistance 1, robust 1, MP-powered wands
a: Exsanguinate, Renounce Religion


You were on level 3 of the Dungeon.
You worshipped Xom.
You were Xom's teddy bear.
You visited 1 branch of the dungeon, and saw 3 of its levels.

You collected 164 gold pieces.

Inventory:

Hand Weapons
 a - a +0 spear of chaos
 k - the +1 sling of Kasaet {freeze, +Blink Fly rElec rF+}
   (You found it on level 2 of the Dungeon)

   rF:        It protects you from fire.
   rElec:     It insulates you from electricity.
   Fly:       It grants you flight.
   +Blink:    It lets you blink.
 l - a +4 flail of protection (weapon)
 p - a +3 spear
Armour
 b - a +2 leather armour
 j - a +1 helmet (worn)
 n - the +1 ring mail "Tinidet" (worn) {rF+ Will+ Int+2}
   (You found it on level 2 of the Dungeon)

   Int:       It affects your intelligence (+2).
   rF:        It protects you from fire.
   Will:      It increases your willpower.
 o - a scarf of shadows (worn)
Jewellery
 r - an amulet of faith (around neck)
Scrolls
 d - a scroll of noise {unknown}
 f - a scroll of magic mapping {unknown}
 g - a scroll of vulnerability {unknown}
 m - 3 scrolls of identify {unknown}
 t - a scroll of summoning {unknown}
Potions
 e - 3 potions of curing {unknown}
 h - a potion of lignification {unknown}
 i - a potion of degeneration {unknown}
 q - a potion of mutation {unknown}
 s - a potion of cancellation {unknown}
Miscellaneous
 c - a piece from Xom's chessboard (15/15) (quivered)


   Skills:
 + Level 3.6 Fighting
 + Level 1.4 Maces & Flails
 + Level 3.4 Polearms
 + Level 2.3 Armour
 + Level 2.8 Dodging
 + Level 1.8 Stealth


You had 4 spell levels left.
You didn't know any spells.
Your spell library contained the following spells:

 Spells                   Type           Power      Damage    Failure   Level
 Sandblast                Erth           0%         2d4       52%         1
 Summon Small Mammal      Summ           0%         N/A       52%         1
 Passwall                 Tmut/Erth      0%         N/A       65%         2
 Call Canine Familiar     Summ           0%         N/A       87%         3
 Stone Arrow              Conj/Erth      0%         3d7       87%         3
 Summon Guardian Golem    Hex/Summ       0%         N/A       87%         3


Dungeon Overview and Level Annotations

Branches:
Dungeon (3/15)

Altars:
Kikubaaqudgha
Xom

Annotations:
D:3 1 transporter, TimeIsEndless's ghost, amateur KoMo
D:5 10


Innate Abilities, Weirdness & Mutations

Your natural rate of healing is accelerated.
You have razor-sharp teeth.
You have supernaturally acute eyesight. (SInv)
You are afflicted with vampirism and can become a bat while bloodless.
You possess an exceptional clarity of mind.
You are clumsy. (Dex -2)
You are dopey. (Int -2)
You are somewhat resistant to further mutation.
You are robust. (+10% HP)
You expend magic power (3 MP) to strengthen your wands.


Message History

Your weapon exudes an aura of protection.
The ogre is heavily wounded.
TimeIsEndless's ghost shouts, "They lied to you.
The Dungeon just goes down and down forever."
You hit the ogre but do no damage. You bite the ogre, but do no damage.
The ogre is heavily wounded.
The ogre hits you with a +6 great mace!
* * * LOW HITPOINT WARNING * * *
The ogre closely misses you.
You barely miss the ogre.
The ogre is heavily wounded.
The ogre barely misses you. The ogre hits you but does no damage.
Really walk into that cloud of foul pestilence? [Y]es or [N]o only, please.
Really walk into that cloud of foul pestilence? [Y]es or [N]o only, please.
Really walk into that cloud of foul pestilence? [Y]es or [N]o only, please.
Really walk into that cloud of foul pestilence? [Y]es or [N]o only, please.
Really walk into that cloud of foul pestilence?
Uppercase [Y]es or [N]o only, please.
Really walk into that cloud of foul pestilence? [Y]es or [N]o only, please.
Really walk into that cloud of foul pestilence?
Uppercase [Y]es or [N]o only, please.
Really walk into that cloud of foul pestilence? [Y]es or [N]o only, please.
Really walk into that cloud of foul pestilence?
Uppercase [Y]es or [N]o only, please.
Really walk into that cloud of foul pestilence?
Uppercase [Y]es or [N]o only, please.
Really walk into that cloud of foul pestilence?
Uppercase [Y]es or [N]o only, please.
Really walk into that cloud of foul pestilence?
Uppercase [Y]es or [N]o only, please.
Really walk into that cloud of foul pestilence?
The ogre attacks as you move away!
The ogre hits you with a +6 great mace!!
You die...
Xom chortles!

..#.#########....###.......####.#
#.#.# ###..# #.......####.# #.#.#
#..# #.......[.##.# #.#.# #..#
#)........##.# #.#.# #..#
#.........##.# #.#.#
#############......##.# #.#.#
#####©....°...[.#.#######.# #.#)#
#...#..##.°O##..#.# #.#
#.#.###...#.#..#@#..#$#.# #.#
#.#.......#.#..#O#..#.#.# #.#
#.#...#...#..##.W.##..#.## #.#
#.#.#.#...#.....?[....#..# #.#
#.#.#.#...##############.# #.#
#.#.#.#........©.©.....#.# #.#
#.#.#.#................#.### #.#
#.#.#.#..........#######...# ##.#
#.#,*,#..........# ###.###...


You could see 2 ogres and TimeIsEndless's ghost.

Vanquished Creatures
  A jelly (D:2)
  6 gnolls
  3 adders (D:2)
  2 worms
  A dart slug (D:3)
  8 orcs (D:3)
  2 bats
  8 endoplasms
  2 giant cockroaches
  3 hobgoblins
  2 quokkas (D:1)
  8 ball pythons
  3 frilled lizards
  5 goblins
  4 kobolds
  4 rats
62 creatures vanquished.

Vanquished Creatures (collateral kills)
  2 gnolls (D:2)
2 creatures vanquished.

Grand Total: 64 creatures vanquished

Notes
Turn   | Place    | Note
-------+----------+-------------------------------------------
     0 | D:1      | Jane the Vampire Chaos Knight began the quest for the Orb.
     0 | D:1      | Reached XP level 1. HP: 17/17 MP: 1/1
   131 | D:1      | Reached XP level 2. HP: 20/24 MP: 2/2
   217 | D:1      | XOM: divination: detect items
   582 | D:1      | XOM: silly message
   809 | D:1      | XOM: silly message
   984 | D:1      | XOM: cloud trail
  2089 | D:2      | XOM: fog
  2091 | D:2      | Reached skill level 1 in Armour
  2091 | D:2      | Gained mutation: You are afflicted with vampirism and can
                  | become a bat while bloodless. [Vampire growth]
  2091 | D:2      | Reached XP level 3. HP: 14/29 MP: 3/3
  2264 | D:2      | XOM: 2-stop teleportation journey
  2268 | D:2      | Identified the +1 sling of Kasaet {freeze, +Blink Fly rElec
                  | rF+}
  2313 | D:2      | Noticed Terence
  2315 | D:2      | Terence changed into Terence the jelly
  2315 | D:2      | Noticed Terence
  2315 | D:2      | XOM: polymorph Terence -> Terence the jelly
  2320 | D:2      | Killed Terence the jelly
  2321 | D:2      | Reached XP level 4. HP: 29/35 MP: 4/4
  2347 | D:2      | XOM: blink monster(s)
  2357 | D:2      | Reached skill level 1 in Stealth
  2491 | D:2      | XOM: give mutations
  2491 | D:2      | Gained mutation: You are dopey. (Int -2) [Xom's mischief]
  2491 | D:2      | Gained mutation: You are clumsy. (Dex -2) [Xom's mischief]
  2491 | D:2      | Gained mutation: You expend magic power (3 MP) to
                  | strengthen your wands. [Xom's mischief]
  2571 | D:2      | Identified the +1 ring mail "Tinidet" {rF+ Will+ Int+2}
  2798 | D:3      | Reached XP level 5. HP: 36/41 MP: 5/5
  2853 | D:3      | Reached skill level 1 in Maces & Flails
  2898 | D:3      | XOM: 1-stop teleportation journey
  3039 | D:3      | Found a transporter.
  3078 | D:3      | XOM: give mutations
  3078 | D:3      | Gained mutation: You possess an exceptional clarity of
                  | mind. [Xom's grace]
  3078 | D:3      | Gained mutation: You are robust. (+10% HP) [Xom's grace]
  3078 | D:3      | Gained mutation: You are somewhat resistant to further
                  | mutation. [Xom's grace]
  3218 | D:3      | XOM: divination: magic mapping
  3338 | D:3      | XOM: potion effect (berserk rage)
  3403 | D:3      | XOM: scenery: summon butterflies
  3665 | D:3      | Found an ancient bone altar of Kikubaaqudgha.
  3731 | D:3      | XOM: scenery: create altars
  3780 | D:3      | XOM: 2-stop teleportation journey
  3848 | D:3      | XOM: cloud trail
  3851 | D:3      | Noticed an ogre
  3852 | D:3      | Noticed TimeIsEndless's ghost (amateur KoMo)
  3853 | D:3      | Noticed an ogre
  3867 | D:3      | Found a transporter.
  3874 | D:3      | Mangled by an ogre

Illustrated notes

Levels and vault maps discovered:
D:1:      lightli_arrival_lavapool, layout_basic,
          nicolae_ecumenical_snake_handling
D:2:      layout_loops_ring, uniq_terence
D:3:      layout_basic, kiku_gazebo_pond_becter, gammafunk_ghost_smash

Skill      XL: |  1  2  3  4  5 |
---------------+----------------+-----
Fighting       | 3 |  3.6
Polearms       | 3 |  3.4
Armour         | 1 2 |  2.3
Stealth        | 1 |  1.8
Maces & Flails | 1 |  1.4
Dodging        | |  2.8

Action                     |  1- 3 |  4- 6 || total
---------------------------+-------+-------++-------
  Melee: Spear             |    66 |       ||    66
         Bite              |     9 |    10 ||    19
         Flail             |       |   108 ||   108
         Punch             |       |     2 ||     2
 Armour: Leather armour    |    31 |    14 ||    45
         Ring mail         |       |    56 ||    56
  Dodge: Dodged            |    38 |    69 ||   107

Table legend: (Time is in decaauts)
 A = Elapsed time spent in this place.
 B = Non-inter-level travel time spent in this place.
 C = Inter-level travel time spent in this place.
 D = Time resting spent in this place.
 E = Time spent auto-exploring this place.
 F = Levels seen in this place.
 G = Mean time per level.
                   A        B        C        D        E       F      G
               +--------+--------+--------+--------+--------+-----+--------+
         Total |   3912 |   3870 |     42 |   1511 |      0 |   3 | 1304.0 |
       Dungeon |   3912 |   3870 |     42 |   1511 |      0 |   3 | 1304.0 |
               +--------+--------+--------+--------+--------+-----+--------+

Top non-repeatable levels by time:
     D:1: 1458 daAuts
     D:3: 1267 daAuts
     D:2: 1187 daAuts
